 Dungeon Sprint DCSS version 0.31-a0-986-g5e6e4ef867 (webtiles) character file.

Game seed: 3226946011584737806

980 sircluck the Grappler (level 7, -4/80 HPs)
             Began as a Troll Berserker on Nov 15, 2023.
             Was a High Priest of Trog.
             Slain by a killer bee (7 damage)
             ... in the Dungeon (Sprint IV: "Fedhas' Mad Dash").
             The game lasted 00:01:39 (553 turns).

sircluck the Grappler (Troll Berserker)              Turns: 553, Time: 00:01:40

Health: -4/80      AC:  4    Str: 28    XL:     7   Next: 96%
Magic:  6/6        EV: 12    Int:  3    God:    Trog [*****.]
Gold:   95         SH:  0    Dex:  9    Spells: 6/6 levels left

rFire   . .          .
                       - Unarmed
rCold   . . .        (no shield)
rNeg    . . .        a - +0 animal skin
rPois   .            (helmet restricted)
rElec   .            (no cloak)
rCorr   +            (gloves unavailable)
SInv    .            (boots unavailable)
Will    .....        k - amulet of invisibility {+Inv}
Stlth   +            j - ring of resist corrosion
HPRegen 1.13/turn    (no ring)
MPRegen 0.10/turn

%: no teleportation
@: lethally poisoned (-4 -> -5)
A: large, unfitting armour, claws 3, regeneration 1, shaggy fur 1, tough skin 1
a: Renounce Religion, Evoke Invisibility, Berserk, Trog's Hand, Brothers in Arms


You were in the Dungeon.
You worshipped Trog.
Trog was extremely pleased with you.
You visited 1 branch You collected 95 gold pieces.

Inventory:

Armour
 a - a +0 animal skin (worn)
Jewellery
 j - a ring of resist corrosion (left claw)
 k - the amulet of invisibility (around neck) {+Inv}
   (You found it in the Dungeon)

   [amulet of nothing]

   +Inv:      It lets you turn invisible.
Scrolls
 g - a scroll of blinking
 h - 2 scrolls of brand weapon {unknown}
 i - a scroll of fear {unknown}
 l - a scroll of revelation {unknown}
Potions
 c - a potion of heal wounds
 d - 3 potions of haste
 e - 2 potions of magic
 f - a potion of berserk rage
Miscellaneous
 m - a tin of tremorstones (2/2)


   Skills:
 + Level 8.1 Fighting
 + Level 6.0 Armour
 + Level 8.1 Dodging
 + Level 9.7 Unarmed Combat


You had 6 spell levels left.
You didn't know any spells.
Your spell library was empty.

Dungeon Overview and Level Annotations

Branches:
Dungeon (1/1)

Altars:
Cheibriados
Dithmenos
Elyvilon
Gozag
Hepliaklqana
Kikubaaqudgha
Makhleb
Nemelex Xobeh
Okawaru
Qazlal
Ru
Sif Muna
Trog
Uskayaw
Vehumet
Wu Jian
Xom
Yredelemnul
Zin
The Shining One
Jiyva
Lugonu

Shops:
D [?[(


Innate Abilities, Weirdness & Mutations

You are too large for most types of armour.
You have claws for hands.
Your natural rate of healing is unusually fast.
You are covered in fur. (AC +1)
You have tough skin. (AC +1)


Message History

The killer bee barely misses you.
Unknown command.
Unknown command.
You feel better. The killer bee closely misses you.
The queen bee calls on the killer bee to defend it!
The killer bee goes berserk!
The queen bee calls on the killer bee to defend it!
The killer bee goes berserk!
The killer bee stings you.
* * * LOW HITPOINT WARNING * * *
Unknown command.
Unknown command.
The tremorstone explodes into fragments!
The burst of rock shards engulfs the queen bee.
The burst of rock shards engulfs the killer bee!!
You kill the killer bee!
Trog accepts your kill.
The burst of rock shards engulfs the killer bee! x2
The killer bee stings you.
* * * LOW HITPOINT WARNING * * *
You are poisoned.
The killer bee poisons you! The killer bee barely misses you.
The killer bee stings you!
* * * LOW HITPOINT WARNING * * *
Your tin of tremorstones (2/2) has regained one charge.
Your Armour skill increases to level 6!
You miss the killer bee.
The killer bee is almost dead.
* * * LOW HITPOINT WARNING * * *
You feel sick. The killer bee completely misses you.
The killer bee barely misses you.
Unknown command.
Unknown command.
You scratch the killer bee.
The killer bee is almost dead.
* * * LOW HITPOINT WARNING * * *
You feel sick. The killer bee closely misses you.
The killer bee stings you but does no damage.
The queen bee calls on the killer bee to defend it!
The killer bee goes berserk!
The killer bee stings you!
You die...

#################################
..P#.†...#.....#.⌠._._._._.⌠.#.))
P..'.†...'.#..yy@._._._._._..'.)#
PPP#.....#.#..y#..._._._._...#..#
#############'##.._._._._._..#..#
..♣........'...#._._._._._.⌠.####
y....♣.y...#...############### y
♣..♣..###### #+#####


You could see a queen bee and 2 killer bees.

Vanquished Creatures
  2 wandering mushrooms (D)
  A burning bush (D)
  3 scorpions (D)
  2 killer bees (D)
  4 oklob saplings (D)
  2 spriggans (D)
  A river rat (D)
  A rat (D)
16 creatures vanquished.

Notes
Turn   | Place    | Note
-------+----------+-------------------------------------------
     0 | D        | sircluck the Troll Berserker began the quest for the Orb.
     0 | D        | Reached XP level 1. HP: 22/22 MP: 0/0
     8 | D        | Reached XP level 2. HP: 31/31 MP: 1/1
    14 | D        | Noticed an oklob sapling
    19 | D        | Killed an oklob sapling
    19 | D        | Reached ** piety under Trog
    20 | D        | Reached skill level 4 in Unarmed Combat
    20 | D        | Reached XP level 3. HP: 39/39 MP: 2/2
    21 | D        | Noticed a scorpion
    21 | D        | Found the amulet of invisibility {+Inv}
    25 | D        | Killed a scorpion
    26 | D        | Reached skill level 5 in Unarmed Combat
    26 | D        | Reached XP level 4. HP: 47/49 MP: 3/3
    53 | D        | Reached skill level 5 in Fighting
    53 | D        | Reached skill level 5 in Dodging
    53 | D        | Reached skill level 6 in Unarmed Combat
    65 | D        | Found an opulent altar of Gozag.
    65 | D        | Found a hazy altar of Hepliaklqana.
    65 | D        | Found a burning altar of Makhleb.
    65 | D        | Found a sparkling altar of Nemelex Xobeh.
    65 | D        | Found a snail-covered altar of Cheibriados.
    65 | D        | Found a sacrificial altar of Ru.
    65 | D        | Found a shimmering blue altar of Sif Muna.
    65 | D        | Found a shimmering altar of Xom.
    65 | D        | Found a basalt altar of Yredelemnul.
    66 | D        | Found a viscous altar of Jiyva.
    66 | D        | Found a bloodstained altar of Trog.
    66 | D        | Found an ornate altar of the Wu Jian Council.
    67 | D        | Found an iron altar of Okawaru.
    67 | D        | Found a glowing silver altar of Zin.
    67 | D        | Found a shadowy altar of Dithmenos.
    68 | D        | Found an ancient bone altar of Kikubaaqudgha.
    68 | D        | Found a hide-covered altar of Uskayaw.
    69 | D        | Found a stormy altar of Qazlal.
    69 | D        | Found a glowing golden altar of the Shining One.
    69 | D        | Found a white marble altar of Elyvilon.
    70 | D        | Found a corrupted altar of Lugonu.
    70 | D        | Found a radiant altar of Vehumet.
    75 | D        | Reached skill level 1 in Armour
    75 | D        | Reached XP level 5. HP: 30/59 MP: 4/4
   108 | D        | Reached *** piety under Trog
   109 | D        | Reached skill level 7 in Unarmed Combat
   126 | D        | Reached XP level 6. HP: 68/68 MP: 5/5
   165 | D        | Found Ophaf's Magic Scroll Shop.
   165 | D        | Found Zemang Cocza's Antique Armour Emporium.
   174 | D        | Noticed a burning bush
   174 | D        | Noticed a wandering mushroom
   175 | D        | Noticed a wandering mushroom
   184 | D        | Reached **** piety under Trog
   185 | D        | Reached skill level 8 in Unarmed Combat
   460 | D        | Killed a wandering mushroom
   461 | D        | Reached XP level 7. HP: 78/78 MP: 6/6
   471 | D        | Reached skill level 5 in Armour
   471 | D        | Reached skill level 9 in Unarmed Combat
   482 | D        | Killed a burning bush
   485 | D        | Found Lunas's Weapon Emporium.
   485 | D        | Found Hesuv's Antique Armour Shoppe.
   531 | D        | Noticed a queen bee
   549 | D        | Reached ***** piety under Trog
   552 | D        | HP: 4/80 [poisoned by a killer bee]
   553 | D        | Slain by a killer bee

Illustrated notes

Levels and vault maps discovered:
D:        dungeon_sprint_fedhas [sprint_temple]

Skill      XL: |  1  2  3  4  5  6  7 |
---------------+----------------------+-----
Fighting       | 3 4 5 6 7 8 |  8.1
Dodging        | 3 4 5 6 7 8 |  8.1
Unarmed Combat | 4 5 6 7 8 9 |  9.7
Armour         | 1 3 4 6 |  6.0

Action                     |  1- 3 |  4- 6 |  7- 9 || total
---------------------------+-------+-------+-------++-------
  Melee: Unarmed           |    11 |    23 |    20 ||    54
         Punch             |       |     4 |     1 ||     5
 Invoke: Berserk           |       |     1 |       ||     1
  Evoke: Tin of tremorston |       |       |     1 ||     1
    Use: Potion            |       |       |     1 ||     1
 Armour: Animal skin       |     4 |    13 |    27 ||    44
  Dodge: Dodged            |     1 |     8 |    23 ||    32

Table legend: (Time is in decaauts)
 A = Elapsed time spent in this place.
 B = Non-inter-level travel time spent in this place.
 C = Inter-level travel time spent in this place.
 D = Time resting spent in this place.
 E = Time spent auto-exploring this place.
 F = Levels seen in this place.
 G = Mean time per level.
                   A        B        C        D        E       F      G
               +--------+--------+--------+--------+--------+-----+--------+
         Total |    556 |    556 |      0 |    307 |     62 |   1 |  556.0 |
       Dungeon |    556 |    556 |      0 |    307 |     62 |   1 |  556.0 |
               +--------+--------+--------+--------+--------+-----+--------+

Top non-repeatable levels by time:
       D: 556 daAuts
